 Dungeon Crawl Stone Soup version 0.19.0-9-gfd783f2 (webtiles) character file.

87 dobroeutro the Shooter (level 4, -2/36 HPs)
             Began as a Centaur Hunter on Nov 7, 2016.
             Slain by a gnoll
             ... wielding a +0 spear
              (8 damage)
             ... on level 2 of the Dungeon.
             The game lasted 00:03:32 (1867 turns).

dobroeutro the Shooter (Centaur Hunter)             Turns: 1867, Time: 00:03:33

Health: -2/36      AC:  4    Str: 15    XL:     4   Next: 28%
Magic:  4/4        EV:  9    Int: 10    God:
Gold:   144        SH:  0    Dex: 10    Spells: 0 memorised, 3 levels left

rFire  . . .     SeeInvis .     a - +1 shortbow
rCold  . . .     Gourm    .     n - +0 leather armour (curse)
rNeg   . . .     Faith    .     (shield currently unavailable)
rPois  .         Spirit   .     (no helmet)
rElec  .         Reflect  .     (no cloak)
rCorr  .         Harm     .     (no gloves)
MR     .....                    (no barding)
Stlth  +.........               (no amulet)
                                (no ring)
                                (no ring)

@: very quick
A: hooves 3, deformed body, speed 2, tough skin 3
a: no special abilities


You were on level 2 of the Dungeon.
You were not hungry.

You visited 1 branch of the dungeon, and saw 2 of its levels.

You collected 144 gold pieces.

Inventory:

Hand Weapons
 a - a +1 shortbow (weapon)
 b - a +0 short sword
Missiles
 d - 64 arrows (quivered)
Armour
 n - a cursed +0 leather armour (worn)
Magical Staves
 p - an uncursed staff of cold
Scrolls
 g - 2 scrolls of immolation {unknown}
 h - a scroll of remove curse {unknown}
 i - 2 scrolls of enchant armour {unknown}
 m - a scroll of identify {unknown}
 o - a scroll of recharging {unknown}
Potions
 e - a potion of heal wounds {unknown}
 k - 2 potions of curing {unknown}
 l - a potion of degeneration {unknown}
Comestibles
 c - a meat ration
 f - 2 bread rations
 j - 2 beef jerkies


   Skills:
 - Level 2.0 Fighting
 - Level 1.9 Short Blades
 + Level 1.0 Staves
 + Level 6.6 Bows
 - Level 1.3 Dodging
 - Level 0.4 Stealth
 + Level 0.1 Evocations


You had 3 spell levels left.
You didn't know any spells.

Dungeon Overview and Level Annotations

Branches:
Dungeon (2/15)

Altars:
Ru
Zin


Innate Abilities, Weirdness & Mutations

You have hooves in place of feet.
Armour fits poorly on your strangely shaped body.
You cover ground very quickly.
You have extremely tough skin. (AC +3)


Message History

Firing (i - inventory):
d - 67 arrows (quivered)
Press: ? - help, Shift-Dir - straight line, f/p - gnoll
Aim: a gnoll, wielding a spear (severely wounded)
You shoot an arrow. The arrow hits the gnoll.
The gnoll is almost dead.
Firing (i - inventory):
d - 66 arrows (quivered)
Press: ? - help, Shift-Dir - straight line, f/p - gnoll
Aim: a gnoll, wielding a spear (almost dead)
You shoot an arrow.
The arrow hits the gnoll but does no damage.
The gnoll is almost dead.
The gnoll hits you but does no damage.
Firing (i - inventory):
d - 65 arrows (quivered)
Press: ? - help, Shift-Dir - straight line, f/p - gnoll
Aim: a gnoll, wielding a spear (almost dead)
You shoot an arrow.
The arrow hits the gnoll but does no damage.
The gnoll is almost dead.
The gnoll hits you from afar with a spear!
You die...

######### #.g.g...#
#.#####.# #.# #(# #)#
#g# #g# #g# #g# #g#
#.# #.# #.# #@#
#.#####.# ..#.....#
############.#####
...............#
############.#.######
..# #....#......#
..#######.#########.#
.........>#.....# #.#


You could see 3 gnolls.

Vanquished Creatures
  Ijyb (D:2)
  A gnoll (D:2)
  3 dart slugs (D:1)
  2 leopard geckos (D:1)
  A giant cockroach (D:1)
  4 goblins
  6 hobgoblins
  4 jackals (D:1)
  8 kobolds
  6 bats
  5 frilled lizards
  4 rats
45 creatures vanquished.

Notes
Turn   | Place    | Note
-------+----------+-------------------------------------------
     0 | D:1      | dobroeutro the Centaur Hunter began the quest for the Orb.
     0 | D:1      | Reached XP level 1. HP: 17/17 MP: 1/1
   371 | D:1      | Reached XP level 2. HP: 16/24 MP: 2/2
   378 | D:1      | Reached skill level 1 in Short Blades
   418 | D:1      | Reached skill level 6 in Bows
   543 | D:1      | Reached XP level 3. HP: 11/29 MP: 3/3
  1392 | D:2      | Found a sacrificial altar of Ru.
  1392 | D:2      | Found a glowing silver altar of Zin.
  1583 | D:2      | Noticed Ijyb
  1611 | D:2      | Killed Ijyb
  1611 | D:2      | Reached skill level 1 in Staves
  1611 | D:2      | Reached XP level 4. HP: 21/36 MP: 4/4
  1867 | D:2      | Slain by a gnoll

Skill      XL: |  1  2  3 |
---------------+----------+-----
Short Blades   | 1 |  1.9
Bows           | 6 |  6.6
Staves         | 1 |  1.0
Fighting       | |  2.0
Dodging        | |  1.3
Stealth        | |  0.4
Evocations     | |  0.1

Action                   |  1- 3 |  4- 6 || total
-------------------------+-------+-------++-------
Melee: Short sword       |   147 |       ||   147
       Kick              |    24 |     1 ||    25
       Staff             |    24 |    10 ||    34
 Fire: Shortbow          |     8 |     5 ||    13
  Eat: Chunk             |     1 |     1 ||     2
Armor: Leather armour    |    83 |     6 ||    89
Dodge: Dodged            |   103 |    10 ||   113
